 Dungeon Crawl Stone Soup version 0.19-a0-585-ge40200b (webtiles) character file.

20454 Delvonshi the Covert (level 13, -4/82 HPs)
             Began as a Kobold Skald on June 9, 2016.
             Was a Believer of Uskayaw.
             Slain by a blink frog (18 damage)
             ... on level 3 of the Lair of Beasts.
             The game lasted 01:02:09 (21226 turns).

Delvonshi the Covert (Kobold Skald)                Turns: 21226, Time: 01:02:11

Health: -4/82      AC: 11    Str: 11    XL:     13   Next: 12%
Magic:  6/19       EV: 24    Int: 10    God:    Uskayaw [**....]
Gold:   730        SH:  2    Dex: 20    Spells: 4 memorised, 7 levels left

rFire  . . .     SeeInvis .     L - +1 short sword (elec)
rCold  + . .     Gourm    .     D - +2 leather armour {rC+}
rNeg   . . .     Faith    .     (shield restricted)
rPois  .         Spirit   .     j - +1 helmet
rElec  .         Dismiss  .     (no cloak)
rCorr  .         Reflect  .     q - +0 pair of gloves
SustAt +         Harm     .     x - +0 pair of boots
MR     .....                    (no amulet)
Stlth  ++++++....               F - +2 ring of evasion
                                i - ring of sustain attributes

@: shrouded, very slightly contaminated, not resistant to hostile enchantments,
very stealthy
A: large bone plates 1, carnivore 3
a: Stomp, Line Pass, Renounce Religion


You were on level 3 of the Lair of Beasts.
You worshipped Uskayaw.
Uskayaw was pleased with you.
You were full.

You visited 3 branches of the dungeon, and saw 14 of its levels.
You also visited: Bailey.

You collected 730 gold pieces.

Inventory:

Hand Weapons
 l - a +0 rapier
 L - a +1 short sword of electrocution (weapon)
Armour
 j - a +1 helmet (worn)
 q - a +0 pair of gloves (worn)
 x - a +0 pair of boots (worn)
 C - a +2 ring mail of fire resistance
 D - a +2 leather armour of cold resistance (worn)
 W - the +3 hat of Pondering {ponderous, MR+ MP+10 Int+5}
   (You took it off Gastronok on level 2 of the Lair of Beasts)

   It affects your intelligence (+5).
   It affects your resistance to hostile enchantments.
   It affects your magic capacity (+10).
Jewellery
 i - a ring of sustain attributes (left hand)
 F - a +2 ring of evasion (right hand)
Wands
 G - a wand of teleportation (1/9)
 S - a wand of acid (5/15)
 T - a wand of heal wounds (3/9)
 U - a wand of iceblast (5/15)
 X - a wand of flame (18/48)
Scrolls
 a - 2 scrolls of summoning {unknown}
 e - 6 scrolls of teleportation
 f - a scroll of identify
 g - 2 scrolls of immolation
 h - 5 scrolls of magic mapping
 k - a scroll of blinking
 r - a scroll of fog {unknown}
 t - a scroll of random uselessness {unknown}
 u - 4 scrolls of remove curse
 y - 5 scrolls of fear
 E - a scroll of noise {unknown}
 M - a scroll of silence {unknown}
 O - a scroll of torment {unknown}
 P - 2 scrolls of vulnerability {unknown}
Potions
 m - a potion of mutation
 n - a potion of magic
 o - a potion of might
 p - 3 potions of curing
 s - 2 potions of resistance
 v - 2 potions of flight
 z - a potion of cancellation
 A - a potion of haste
 B - 2 potions of berserk rage
 N - a potion of invisibility
 Q - a potion of lignification {unknown}
 R - a potion of agility {unknown}
 Y - a potion of degeneration {unknown}
Books
 b - a book of the Dragon

   Spells                             Type                      Level
   a - Flame Tongue                   Conjuration/Fire             1
   b - Cause Fear                     Hexes                        4
   c - Bolt of Fire                   Conjuration/Fire             6
   d - Dragon Form                    Transmutation                7
   e - Dragon's Call                  Summoning                    9
 c - a book of Battle

   Spells                             Type                      Level
   a - Infusion                       Charms                       1
   b - Shroud of Golubria             Charms/Translocation         2
   c - Song of Slaying                Charms                       2
   d - Spectral Weapon                Hexes/Charms                 3
   e - Regeneration                   Charms/Necromancy            3
 H - a book of Conjurations

   Spells                             Type                      Level
   a - Magic Dart                     Conjuration                  1
   b - Searing Ray                    Conjuration                  2
   c - Dazzling Spray                 Conjuration/Hexes            3
   d - Fulminant Prism                Conjuration/Hexes            4
   e - Iskenderun's Mystic Blast      Conjuration                  4
   f - Iskenderun's Battlesphere      Conjuration/Charms           5
 V - a book of Callings

   Spells                             Type                      Level
   a - Summon Small Mammal            Summoning                    1
   b - Call Imp                       Summoning                    2
   c - Call Canine Familiar           Summoning                    3
   d - Summon Guardian Golem          Hexes/Summoning              3
   e - Summon Lightning Spire         Summoning/Air                4
   f - Summon Ice Beast               Ice/Summoning                4
Comestibles
 d - 8 meat rations
 w - a beef jerky
 J - 7 slices of pizza
 K - 15 royal jellies


   Skills:
 + Level 9.8 Fighting
 + Level 11.8 Short Blades
 - Level 0.7 Armour
 + Level 10.0 Dodging
 + Level 12.4 Stealth
 - Level 2.0 Spellcasting
 - Level 7.1 Hexes
 - Level 4.7 Charms
 + Level 1.3 Necromancy
 + Level 8.2 Invocations


You had 7 spell levels left.
You knew the following spells:

 Your Spells              Type           Power        Failure   Level  Hunger
a - Infusion              Chrm           ##..         8%          1    ##.....
b - Shroud of Golubria    Chrm/Tloc      #.........   28%         2    ###....
c - Spectral Weapon       Hex/Chrm       ##......     14%         3    ####...
d - Regeneration          Chrm/Necr      #.........   34%         3    ####...


Dungeon Overview and Level Annotations

Branches:
Dungeon (10/15)            Temple (1/1) D:6            Lair (3/8) D:9
 Shoals (0/4) Lair:3       Spider (0/4) Lair:3
    Orc: D:9-12

Altars:
Ashenzari
Cheibriados
Dithmenos
Elyvilon
Fedhas
Gozag
Hepliaklqana
Kikubaaqudgha
Nemelex Xobeh
Okawaru
Ru
Sif Muna
Uskayaw
Xom
Yredelemnul
Zin
The Shining One

Annotations:
D:6 Senri's ghost, novice DrTm


Innate Abilities, Weirdness & Mutations

You are small and have problems with some larger weapons.
You are carnivorous and can eat meat at any time.
You are partially covered in large bone plates. (AC +2, SH +2)


Message History

Unknown command.
Casting: Shroud of Golubria
Confirm with . or Enter, or press ? or * to list all spells.
You miscast Shroud of Golubria.
Nothing appears to happen.
The blink frog misses you. The blink frog hits you!
The blink frog completely misses you. The blink frog barely misses you.
The blink frog hits you.
Unknown command.
Casting: Shroud of Golubria
Confirm with . or Enter, or press ? or * to list all spells.
You miscast Shroud of Golubria.
Your skin glows momentarily.
The blink frog blinks! x2; The blink frog completely misses you.
Unknown command.
Casting: Shroud of Golubria
Confirm with . or Enter, or press ? or * to list all spells.
Space distorts slightly along a thin shroud covering your body.
The blink frog closely misses you. The blink frog hits you!
* * * LOW HITPOINT WARNING * * *
The blink frog hits you!!
You die...

#P.... ###.....
###+###.......
##...##...###.. #...
#....†.... #####
#..####........
#.#.####'#.##..†.....
##[.(§.(......≈..≈...
#..F@§.......#≈≈≈≈≈.≈
##.F......F.#.≈≈≈P≈≈≈
#..........'.≈≈≈≈P≈≈
#..........#≈≈≈≈≈≈≈≈
###.#..###.##≈P≈≈≈≈≈
###### ###♣≈≈≈≈≈≈≈
PP≈≈≈≈≈ ♣≈P≈≈≈≈


You could see 3 blink frogs and a friendly spectral short sword of
electrocution.

Vanquished Creatures
  Gastronok (Lair:2)
  2 hydras
  The ghost of SomeoneAwful the Inquisitive, a journeyman KoAs of Pakellas (Lair:1)
  A hill giant (D:10)
  Joseph (D:9)
  A black mamba (Lair:2)
  6 spiny frogs
  3 komodo dragons (Lair:1)
  A queen bee (Lair:3)
  A two-headed ogre (D:9)
  7 blink frogs
  Prince Ribbit (Lair:2)
  2 basilisks (Lair:3)
  17 yaks
  2 hippogriffs (Lair:2)
  A steam dragon (D:9)
  2 hungry ghosts
  Menkaure (D:7)
  4 water moccasins
  5 orc warriors
  4 porcupines
  A sky beast (D:5)
  4 black bears
  2 necrophages
  A phantom (D:8)
  3 ice beasts
  5 ogres
  4 wolves
  6 centaurs
  A crocodile (D:8)
  4 big kobolds
  7 giant frogs
  4 scorpions
  27 killer bees
  5 wights
  An electric eel (Lair:1)
  3 crimson imps
  A giant frog zombie (D:5)
  A centaur zombie (D:7)
  A quasit (D:8)
  3 hounds
  3 jellies
  A gnoll shaman (D:4)
  8 orc priests
  2 centaur skeletons
  3 giant frog skeletons
  5 iguanas
  10 orc wizards
  6 worker ants
  2 sheep (D:8)
  2 hound zombies
  A hound skeleton (D:9)
  2 worker ant zombies
  5 gnolls (D:5)
  2 howler monkey skeletons (D:5)
  10 adders
  13 river rats (Lair:2)
  3 shadow imps
  3 adder zombies
  2 oozes (D:4)
  3 worms
  3 dart slugs
  5 giant geckos
  30 orcs
  4 ball pythons
  4 giant cockroaches
  7 goblins
  6 hobgoblins
  5 jackals
  14 kobolds
  5 quokkas
  A ball python zombie (D:5)
  8 bats
  3 giant newts
  A jackal zombie (D:6)
  2 quokka skeletons
  7 rats
  A butterfly (D:2)
340 creatures vanquished.

Vanquished Creatures (others)
  2 fungi (Lair:3)
  13 spectral weapons
15 creatures vanquished.

Grand Total: 355 creatures vanquished

Notes
Turn   | Place    | Note
--------------------------------------------------------------
     0 | D:1      | Delvonshi the Kobold Skald began the quest for the Orb.
     0 | D:1      | Reached XP level 1. HP: 12/12 MP: 3/3
   383 | D:1      | Reached XP level 2. HP: 6/18 MP: 0/5
   513 | D:1      | Reached skill level 1 in Stealth
   635 | D:1      | Found a shattered altar of Ashenzari.
   731 | D:1      | Reached XP level 3. HP: 22/22 MP: 6/6
  1078 | D:2      | Reached skill level 2 in Stealth
  1268 | D:2      | Reached XP level 4. HP: 7/27 MP: 2/7
  1735 | D:2      | Found a shimmering altar of Xom.
  2612 | D:3      | Reached XP level 5. HP: 32/32 MP: 8/8
  2682 | D:3      | Found a faded altar of an unknown god.
  3176 | D:4      | Noticed a black bear
  3327 | D:4      | Got a bloodstained scale mail
  3338 | D:4      | Identified the cursed +1 scale mail of Lilacs {rPois} (You found it on level 4 of the Dungeon)
  3412 | D:5      | Entered Level 5 of the Dungeon
  3426 | D:5      | Reached skill level 3 in Stealth
  3570 | D:5      | Found a sparkling altar of Nemelex Xobeh.
  3573 | D:5      | Noticed a sky beast
  4007 | D:5      | Reached XP level 6. HP: 35/37 MP: 9/9
  4878 | D:5      | Reached skill level 4 in Stealth
  4878 | D:5      | Reached XP level 7. HP: 19/43 MP: 8/10
  5111 | D:5      | Reached skill level 5 in Short Blades
  5985 | D:4      | Reached skill level 5 in Stealth
  5991 | D:4      | Reached XP level 8. HP: 17/48 MP: 6/11
  6404 | D:4      | You fall through a shaft!
  6751 | D:5      | Reached skill level 5 in Fighting
  6806 | D:4      | Learned a level 2 spell: Shroud of Golubria
  7082 | D:4      | Reached skill level 6 in Stealth
  7449 | D:5      | Reached skill level 5 in Dodging
  7603 | D:6      | Found a snail-covered altar of Cheibriados.
  7629 | D:6      | Noticed Senri's ghost (novice DrTm)
  7979 | D:5      | Reached XP level 9. HP: 27/54 MP: 10/12
  8293 | D:6      | Found a staircase to the Ecumenical Temple.
  8332 | Temple   | Entered the Ecumenical Temple
  8355 | Temple   | Became a worshipper of Uskayaw the Reveler
  8390 | D:6      | Reached * piety under Uskayaw
  8399 | D:6      | Reached ** piety under Uskayaw
  8550 | D:7      | Noticed a manticore
  8895 | D:7      | Reached skill level 7 in Stealth
  8984 | D:7      | Reached skill level 1 in Invocations
  9205 | D:7      | Noticed Menkaure
  9223 | D:7      | Killed Menkaure
  9466 | D:7      | Learned a level 3 spell: Spectral Weapon
  9487 | D:7      | Reached *** piety under Uskayaw
  9840 | D:7      | Reached skill level 8 in Stealth
  9840 | D:7      | Reached skill level 1 in Hexes
 10203 | D:8      | Found a flagged portal.
 10212 | Bailey   | Entered a bailey
 10212 | Bailey   | Noticed an orc knight
 10212 | Bailey   | Noticed an orc knight
 10213 | Bailey   | Noticed an orc knight
 10630 | D:8      | Reached XP level 10. HP: 58/60 MP: 4/13
 11514 | D:8      | Reached skill level 9 in Stealth
 11519 | D:8      | Reached **** piety under Uskayaw
 11557 | D:8      | Noticed a three-headed hydra
 13055 | D:8      | Killed a three-headed hydra
 14389 | D:9      | Noticed Joseph
 14549 | D:9      | Killed Joseph
 14549 | D:9      | Reached skill level 10 in Stealth
 14549 | D:9      | Reached XP level 11. HP: 67/67 MP: 7/14
 14616 | D:9      | Found a staircase to the Lair.
 14798 | D:9      | Reached skill level 5 in Invocations
 15853 | D:10     | Entered Level 10 of the Dungeon
 16400 | D:10     | Reached skill level 5 in Hexes
 16480 | D:10     | Reached ***** piety under Uskayaw
 16616 | D:10     | Noticed a hill giant
 16624 | D:10     | Killed a hill giant
 16624 | D:10     | Reached skill level 10 in Short Blades
 16895 | Lair:1   | Entered Level 1 of the Lair of Beasts
 17144 | Lair:1   | Reached skill level 11 in Stealth
 17244 | Lair:1   | Noticed SomeoneAwful's ghost (journeyman KoAs)
 17287 | Lair:1   | Killed SomeoneAwful's ghost
 17553 | Lair:1   | Got a faintly humming robe
 17564 | Lair:1   | Identified the cursed +0 robe of the Invisible Hand {rPois} (You found it on level 1 of the Lair of Beasts)
 17608 | Lair:1   | Noticed a six-headed hydra
 17616 | Lair:1   | Killed a six-headed hydra
 17616 | Lair:1   | Reached XP level 12. HP: 75/75 MP: 11/16
 18766 | Lair:2   | Noticed Prince Ribbit
 19096 | Lair:2   | Killed Prince Ribbit
 19467 | Lair:2   | Gained mutation: You are partially covered in large bone plates. (AC +2, SH +2) [potion of beneficial mutation]
 19695 | Lair:2   | Noticed Gastronok
 19713 | Lair:2   | Killed Gastronok
 19713 | Lair:2   | Reached skill level 12 in Stealth
 20208 | Lair:3   | Found a hole to the Spider Nest.
 20299 | Lair:3   | Found a staircase to the Shoals.
 20655 | Lair:3   | Reached skill level 10 in Dodging
 20724 | Lair:3   | Reached XP level 13. HP: 59/80 MP: 8/19
 20796 | Lair:3   | Learned a level 3 spell: Regeneration
 20966 | Lair:3   | Reached skill level 1 in Necromancy
 21226 | Lair:3   | Slain by a blink frog

Vault maps used:
D:1:      noname_arrival_rooms_in_the_neighbourhood, glass_columns_c,
          ashenzari_altar_1
D:2:      xom_butterflies, first_bread
D:3:      lemuel_upstairs_altar, ecumenical_altar_1, minmay_surrounded
D:4:      gammafunk_temple_overflow_elements
D:5:      nemelex_xobeh_ov_fountains_minmay, minivault_27
D:6:      slow_altar_1, vehumet_statue, gammafunk_pakellas_statue_experiment,
          temple_pool_b, uniq_blork_the_orc
D:7:      uniq_menkaure
D:8:      enter_bailey_1, hangedman_ranch
D:9:      lair_0_dummy, minivault_1, uniq_joseph
Temple:   triangle_lava_temple_15
Lair:1:   grunt_megastairs_5, infiniplex_staircase_pool
Lair:2:   uniq_prince_ribbit2, uniq_gastronok
Lair:3:   minmay_shoals_entry_centaurs, dummy_spider_entry, serial_bayou_shore_a
Bailey:   bailey_polearm_4, bailey

Skill      XL: |  1  2  3  4  5  6  7  8  9 10 11 12 13 |
---------------+----------------------------------------+-----
Short Blades   | 3 4 5 6 8 9 10 11 | 11.8
Stealth        | 1 2 3 4 5 6 8 10 11 12 | 12.4
Dodging        | 2 3 4 5 6 7 9 10 | 10.0
Fighting       | 3 4 5 6 7 8 9 |  9.8
Charms         | 3 4 |  4.7
Invocations    | 3 4 6 8 |  8.2
Hexes          | 2 4 5 7 |  7.1
Necromancy     | 1 |  1.3
Armour         | |  0.7
Spellcasting   | |  2.0

Action                   |  1- 3 |  4- 6 |  7- 9 | 10-12 | 13-15 || total
-------------------------+-------+-------+-------+-------+-------++-------
Melee: Short sword       |    83 |       |       |   411 |    78 ||   572
       Rapier            |    16 |   235 |   546 |   176 |       ||   973
 Cast: Infusion          |     5 |    11 |    37 |    15 |       ||    68
       Shroud of Golubri |       |       |    13 |    23 |     4 ||    40
       Spectral Weapon   |       |       |       |    51 |     5 ||    56
Invok: Stomp             |       |       |     1 |       |     1 ||     2
Evoke: Wand              |       |       |     3 |     6 |       ||     9
  Use: Scroll            |       |     6 |     6 |    10 |       ||    22
       Potion            |       |     1 |     3 |     3 |       ||     7
 Stab: Sleeping          |     3 |     6 |     6 |    41 |       ||    56
       Distracted        |       |     1 |       |     6 |     2 ||     9
       Paralysed         |       |       |     2 |     9 |     4 ||    15
  Eat: Chunk             |     3 |    19 |    14 |    45 |       ||    81
       Meat ration       |       |       |       |     1 |       ||     1
Armor: Leather armour    |    31 |    59 |    73 |    81 |    17 ||   261
       Scale mail        |       |     2 |       |       |       ||     2
       Ring mail         |       |     7 |    55 |       |       ||    62
Dodge: Dodged            |    69 |   159 |   373 |   489 |   175 ||  1265
Block: Other             |       |       |       |     9 |     9 ||    18
